 Dungeon Crawl Stone Soup version 0.30-a0-782-ge64f9170bb (webtiles) character file.

Game seed: 15573232885752005101

47 HoaS the Shooter (level 3, -6/27 HPs)
             Began as a Formicid Hunter on Mar 16, 2023.
             Mangled by Sigmund
             ... wielding a +2 scythe of holy wrath
              (12 damage)
             ... on level 2 of the Dungeon.
             The game lasted 00:03:02 (1075 turns).

HoaS the Shooter (Formicid Hunter)                  Turns: 1075, Time: 00:03:03

Health: -6/27      AC:  3    Str: 15    XL:     3   Next: 97%
Magic:  3/3        EV: 12    Int:  8    God:
Gold:   84         SH:  0    Dex: 19    Spells: 2/2 levels left

rFire   . . .      SeeInvis +    a - +0 shortbow
rCold   . . .      Faith    .    (no shield)
rNeg    . . .      Spirit   .    c - +0 leather armour
rPois   .          Reflect  .    (helmet unavailable)
rElec   .          Harm     .    (no cloak)
rCorr   .          Rampage  .    (no gloves)
Will    .....                    (no boots)
Stlth   +                        (no amulet)
HPRegen 0.24/turn                (no ring)
MPRegen 0.08/turn                (no ring)

@: confused
A: permanent stasis, dig shafts and tunnels, antennae 3, four strong arms
a: Dig, Shaft Self


You were on level 2 of the Dungeon.
You visited 1 branch of the dungeon, and saw 2 of its levels.

You collected 84 gold pieces.

Inventory:

Hand Weapons
 a - a +0 shortbow (weapon)
Armour
 c - a +0 leather armour (worn)
Scrolls
 b - a scroll of immolation
 h - 2 scrolls of identify
Potions
 d - a potion of curing


   Skills:
 - Level 2.1 Fighting
 + Level 5.3 Ranged Weapons
 - Level 1.7 Dodging
 - Level 1.2 Stealth


You had 2 spell levels left.
You didn't know any spells.
Your spell library was empty.

Dungeon Overview and Level Annotations

Branches:
Dungeon (2/15)

Altars:

Annotations:
D:2 Sigmund


Innate Abilities, Weirdness & Mutations

You cannot be hasted, slowed, berserked, paralysed or teleported.
You can dig through walls and to a lower floor.
You have a pair of large antennae on your head. (SInv)
Your four strong arms can wield two-handed weapons with a shield.


Message History

You sense a monster nearby.
A rat comes into view.
You shoot an arrow. The arrow closely misses the rat.
You shoot an arrow. The arrow hits the rat!
You kill the rat!
No target in view!
Found a stone staircase leading down.
You see here a hobgoblin corpse.
There is a stone staircase leading up here.
You sense a monster nearby.
Sigmund the Dreaded comes into view.
He is wielding a +2 scythe of holy wrath.
Sigmund shouts!
Sigmund gestures at you while chanting. The puff of flame hits you!
You shoot an arrow. The arrow hits Sigmund.
Sigmund is lightly wounded.
Okay, then.
Sigmund points at you and mumbles some strange words.
You are confused.
You bump into the rock wall.
You bump into the rock wall.
You feel less confused.
Sigmund casts a spell.
Sigmund flickers and vanishes for a moment.
Sigmund closely misses you.
Sigmund hits you with a +2 scythe of holy wrath.
You shoot an arrow. The arrow hits Sigmund.
Sigmund is moderately wounded.
Sigmund hits you with a +2 scythe of holy wrath!
* * * LOW HITPOINT WARNING * * *
You shoot an arrow. The arrow hits Sigmund!
Sigmund is heavily wounded.
You shoot an arrow. The arrow closely misses Sigmund.
Sigmund points at you and mumbles some strange words.
You are confused.
Sigmund hits you but does no damage.
You're too confused to move!
You bump into the rock wall.
Sigmund hits you with a +2 scythe of holy wrath!
You die...

#####.
...#.##
####....#
....@...#
#######.#
#....@..#
#.#######
#@# #@#
#.# #.#
### #.#
.. #.# ..
#.# . #.#
#.#
#########
#.#


You could see Sigmund (invisible).

Vanquished Creatures
  An endoplasm (D:1)
  3 giant cockroaches
  2 goblins
  8 hobgoblins
  7 jackals (D:1)
  A quokka (D:1)
  3 ball pythons (D:1)
  8 bats
  2 frilled lizards (D:1)
  3 kobolds (D:1)
  4 rats
42 creatures vanquished.

Notes
Turn   | Place    | Note
-------+----------+-------------------------------------------
     0 | D:1      | HoaS the Formicid Hunter began the quest for the Orb.
     0 | D:1      | Reached XP level 1. HP: 16/16 MP: 1/1
    43 | D:1      | Reached XP level 2. HP: 22/22 MP: 2/2
   273 | D:1      | Reached XP level 3. HP: 27/27 MP: 3/3
   339 | D:1      | Reached skill level 5 in Ranged Weapons
  1055 | D:2      | Noticed Sigmund
  1075 | D:2      | Mangled by Sigmund

Illustrated notes

Levels and vault maps discovered:
D:1:      tarquinn_simple_flora_water_c, layout_basic
D:2:      layout_basic, hellmonk_ecumenical_altar_crossroads, uniq_sigmund,
          uniq_robin

Skill      XL: |  1  2  3 |
---------------+----------+-----
Ranged Weapons | 5 |  5.3
Fighting       | |  2.1
Dodging        | |  1.7
Stealth        | |  1.2

Action                     || total
---------------------------++-------
   Fire: Shortbow          ||   104
    Use: Scroll            ||     6
 Armour: Leather armour    ||    28
  Dodge: Dodged            ||    54

Table legend: (Time is in decaauts)
 A = Elapsed time spent in this place.
 B = Non-inter-level travel time spent in this place.
 C = Inter-level travel time spent in this place.
 D = Time resting spent in this place.
 E = Time spent auto-exploring this place.
 F = Levels seen in this place.
 G = Mean time per level.
                   A        B        C        D        E       F      G
               +--------+--------+--------+--------+--------+-----+--------+
         Total |   1106 |   1092 |     14 |     81 |    775 |   2 |  553.0 |
       Dungeon |   1106 |   1092 |     14 |     81 |    775 |   2 |  553.0 |
               +--------+--------+--------+--------+--------+-----+--------+

Top non-repeatable levels by time:
     D:1: 908 daAuts
     D:2: 198 daAuts
